MWL
QUINCY CUBS @ CEDAR RAPIDS CARDINALS
05/16/1982
 
TOP OF THE 1ST
Quincy Cubs batting - Pitching for Cedar Rapids Cardinals : RHP Brian Holton
Pitching: RHP Brian Holton
Batting: SHB Selwyn Young 0-0: Called Strike
0-1: Fly out, F7 (Flyball, 78M, EV 88.1 MPH)
Batting: RHB Jack Ayer 0-0: Ball
1-0: Called Strike
1-1: Ball
2-1: Ball
3-1: Base on Balls
Batting: SHB Willie Perez 0-0: Ball
1-0: Ball
2-0: Called Strike
2-1: Swinging Strike
2-2: Strikes out swinging
Batting: RHB Wes Clements 0-0: Ball
1-0: Called Strike
1-1: Ball
2-1: Foul Ball, location: 2F
2-2: Strikes out swinging
Top of the 1st over - 0 runs, 0 hits, 0 errors, 1 left on base; Quincy 0 - Cedar Rapids 0
BOTTOM OF THE 1ST
Cedar Rapids Cardinals batting - Pitching for Quincy Cubs : RHP Jordan Alvarado
Pitching: RHP Jordan Alvarado
Batting: RHB Nehames Bernstine 0-0: Called Strike
0-1: Fly out, F7 (Flyball, 7LM, EV 95.0 MPH)
Batting: RHB Reggie D Williams 0-0: Ball
1-0: Ground out 4-3 (Groundball, 4, EV 103.8 MPH)
Batting: RHB Winston Ficklin 0-0: Ball
1-0: Swinging Strike
1-1: Swinging Strike
1-2: Strikes out looking
Bottom of the 1st over - 0 runs, 0 hits, 0 errors, 0 left on base; Quincy 0 - Cedar Rapids 0
TOP OF THE 2ND
Quincy Cubs batting - Pitching for Cedar Rapids Cardinals : RHP Brian Holton
Batting: RHB Nerio Guerrero 0-0: Called Strike
0-1: Called Strike
0-2: Foul Ball, location: 2F
0-2: Strikes out swinging
Batting: RHB Billy Best 0-0: Foul Ball, location: 2F
0-1: Foul Ball, location: 2F
0-2: Ground out 6-3 (Groundball, 6, EV 78.8 MPH)
Batting: RHB Jerry Fry 0-0: Called Strike
0-1: Foul Ball, location: 2F
0-2: Ball
1-2: Ball
2-2: Ground out U3 (Groundball, 3, EV 81.9 MPH)
Top of the 2nd over - 0 runs, 0 hits, 0 errors, 0 left on base; Quincy 0 - Cedar Rapids 0
BOTTOM OF THE 2ND
Cedar Rapids Cardinals batting - Pitching for Quincy Cubs : RHP Jordan Alvarado
Batting: LHB Kyle Sanford 0-0: Called Strike
0-1: Swinging Strike
0-2: Ball
1-2: Strikes out swinging
Batting: RHB Carson Carroll 0-0: Ball
1-0: Ball
2-0: SINGLE (Line Drive, 8RS, EV 88.1 MPH)
Batting: RHB Dean Kornacker 0-0: Ball
Carson Carroll steals 2nd base
1-0: Swinging Strike
1-1: Ball
2-1: SINGLE (Line Drive, 89M, EV 93.8 MPH)
Carson Carroll to third
Runner from 3rd tries for Home, SAFE, throw by RF to home
Batting: SHB Bryan Hoppie 0-0: Ball
1-0: Swinging Strike
1-1: Foul Ball, location: 2F
1-2: Fly out, F8 (Flyball, 78D, EV 104.4 MPH)
Batting: SHB Duane Johnson 0-0: Ball
1-0: SINGLE (Groundball, 56D, EV 110.6 MPH)
Dean Kornacker to second
Batting: RHB Orlando Ramirez 0-0: Ball
1-0: Called Strike
1-1: Foul Ball, location: 2F
1-2: Fly out, F9 (Flyball, 9LS, EV 98.8 MPH)
Bottom of the 2nd over - 1 run, 3 hits, 0 errors, 2 left on base; Quincy 0 - Cedar Rapids 1
TOP OF THE 3RD
Quincy Cubs batting - Pitching for Cedar Rapids Cardinals : RHP Brian Holton
Batting: LHB Dennis Mork 0-0: Ball
1-0: Fly out, F8 (Line Drive, 8LD, EV 93.8 MPH)
Batting: RHB Garry Keeton 0-0: SINGLE (Groundball, 6, EV 101.9 MPH)
Batting: SHB Selwyn Young 0-0: Called Strike
0-1: Called Strike
0-2: Ball
Garry Keeton is caught stealing 2nd base 2-6
1-2: Ball
2-2: Ground out 5-3 (Groundball, 56S, EV 80.0 MPH)
Top of the 3rd over - 0 runs, 1 hit, 0 errors, 0 left on base; Quincy 0 - Cedar Rapids 1
BOTTOM OF THE 3RD
Cedar Rapids Cardinals batting - Pitching for Quincy Cubs : RHP Jordan Alvarado
Batting: RHB Nehames Bernstine 0-0: Foul Ball, location: 2F
0-1: Ground out 5-3 (Groundball, 56, EV 78.1 MPH)
Batting: RHB Reggie D Williams 0-0: Foul Ball, location: 2F
0-1: Ground out 1-3 (Groundball, 13S, EV 73.8 MPH)
Batting: RHB Winston Ficklin 0-0: Ball
1-0: Ball
2-0: Ball
3-0: Called Strike
3-1: Called Strike
3-2: Base on Balls
Batting: LHB Kyle Sanford 0-0: Called Strike
0-1: Foul Ball, location: 2F
0-2: Foul Ball, location: 2F
0-2: Ball
1-2: Ball
Winston Ficklin steals 2nd base (no throw)
2-2: Foul Ball, location: 2F
2-2: Foul Ball, location: 2F
2-2: 2-RUN HOME RUN (Flyball, 9D, EV 110.6 MPH), Distance : 385 ft
Batting: RHB Carson Carroll 0-0: Ball
1-0: Ball
2-0: Ground out 5-3 (Groundball, 5, EV 111.3 MPH)
Bottom of the 3rd over - 2 runs, 1 hit, 0 errors, 0 left on base; Quincy 0 - Cedar Rapids 3
TOP OF THE 4TH
Quincy Cubs batting - Pitching for Cedar Rapids Cardinals : RHP Brian Holton
Batting: RHB Jack Ayer 0-0: Called Strike
0-1: SINGLE (Line Drive, 89S, EV 91.9 MPH)
Batting: SHB Willie Perez 0-0: Ball
1-0: Foul Ball, location: 2F
1-1: Fly out, F9 (Flyball, 9LM, EV 89.4 MPH)
Batting: RHB Wes Clements 0-0: Ball
1-0: Ball
2-0: Fly out, F9 (Flyball, 9S, EV 75.0 MPH)
Batting: RHB Nerio Guerrero 0-0: Ball
1-0: Ball
2-0: Called Strike
2-1: Ball
3-1: Fly out, F3 (Popup, 3SF, EV 79.4 MPH)
Top of the 4th over - 0 runs, 1 hit, 0 errors, 1 left on base; Quincy 0 - Cedar Rapids 3
BOTTOM OF THE 4TH
Cedar Rapids Cardinals batting - Pitching for Quincy Cubs : RHP Jordan Alvarado
Batting: RHB Dean Kornacker 0-0: Ball
1-0: Foul Ball, location: 2F
1-1: Foul Ball, location: 2F
1-2: Strikes out swinging
Batting: SHB Bryan Hoppie 0-0: Ball
1-0: Ball
2-0: Called Strike
2-1: Ball
3-1: Base on Balls
Batting: SHB Duane Johnson 0-0: Called Strike
Bryan Hoppie steals 2nd base
0-1: Ball
1-1: SINGLE (Groundball, 4MD, EV 103.8 MPH)
Bryan Hoppie to third
Runner from 3rd tries for Home, SAFE, throw by CF to home
Duane Johnson to second
Batting: RHB Orlando Ramirez 0-0: Ground out 5-3 (Groundball, 5L, EV 86.9 MPH)
Batting: RHB Nehames Bernstine 0-0: Ball
1-0: Ball
2-0: Called Strike
2-1: Foul Ball, location: 2F
2-2: Ball
3-2: Fly out, F8 (Flyball, 89S, EV 94.4 MPH)
Bottom of the 4th over - 1 run, 1 hit, 0 errors, 1 left on base; Quincy 0 - Cedar Rapids 4
TOP OF THE 5TH
Quincy Cubs batting - Pitching for Cedar Rapids Cardinals : RHP Brian Holton
Batting: RHB Billy Best 0-0: Ball
1-0: DOUBLE (Line Drive, 89XD, EV 106.3 MPH)
Batting: RHB Jerry Fry 0-0: Fly out, F6 (Popup, P, EV 83.1 MPH)
Batting: LHB Dennis Mork 0-0: Called Strike
0-1: Swinging Strike
0-2: Fly out, F8 (Flyball, 8LD, EV 90.6 MPH)
Batting: RHB Garry Keeton 0-0: Called Strike
0-1: Ball
1-1: Called Strike
1-2: Fly out, F9 (Flyball, 89D, EV 98.1 MPH)
Top of the 5th over - 0 runs, 1 hit, 0 errors, 1 left on base; Quincy 0 - Cedar Rapids 4
BOTTOM OF THE 5TH
Cedar Rapids Cardinals batting - Pitching for Quincy Cubs : RHP Jordan Alvarado
Batting: RHB Reggie D Williams 0-0: Ball
1-0: Called Strike
1-1: Foul Ball, location: 2F
1-2: Strikes out swinging
Batting: RHB Winston Ficklin 0-0: Ball
1-0: Swinging Strike
1-1: Ground out 6-3 (Groundball, 6, EV 86.3 MPH)
Batting: LHB Kyle Sanford 0-0: Reached on error, E6 (Groundball, 6, EV 82.5 MPH)
Batting: RHB Carson Carroll 0-0: Ground out 4-3 (Groundball, 4, EV 84.4 MPH)
Bottom of the 5th over - 0 runs, 0 hits, 1 error, 1 left on base; Quincy 0 - Cedar Rapids 4
TOP OF THE 6TH
Quincy Cubs batting - Pitching for Cedar Rapids Cardinals : RHP Brian Holton
Batting: SHB Selwyn Young 0-0: Called Strike
0-1: SINGLE (Flyball, 6D, EV 92.5 MPH)
Batting: RHB Jack Ayer 0-0: Ball
1-0: Swinging Strike
1-1: Ball
2-1: Foul Ball, location: 2F
2-2: Ball
3-2: Base on Balls
Selwyn Young to second
Batting: SHB Willie Perez 0-0: Ball
1-0: Swinging Strike
1-1: Ball
2-1: Called Strike
2-2: Strikes out swinging
Batting: RHB Wes Clements 0-0: Ball
Selwyn Young steals 3rd, throwing error, E2
Selwyn Young scores
Jack Ayer to third
1-0: SINGLE (Groundball, 56D, EV 101.9 MPH)
Jack Ayer scores
Batting: RHB Nerio Guerrero 0-0: Grounds into double play, 6-4-3 (Groundball, 6, EV 109.4 MPH)
Top of the 6th over - 2 runs, 2 hits, 1 error, 0 left on base; Quincy 2 - Cedar Rapids 4
BOTTOM OF THE 6TH
Cedar Rapids Cardinals batting - Pitching for Quincy Cubs : RHP Jordan Alvarado
Batting: RHB Dean Kornacker 0-0: Foul Ball, location: 2F
0-1: Ball
1-1: Ball
2-1: TRIPLE (Flyball, 78XD, EV 92.5 MPH)
Batting: SHB Bryan Hoppie 0-0: Ball
1-0: Ball
2-0: Swinging Strike
2-1: Ball
3-1: Base on Balls
Batting: SHB Duane Johnson 0-0: Ball
1-0: Reached on error, E6 (Groundball, 6, EV 88.8 MPH)
Dean Kornacker scores
Bryan Hoppie to second
Batting: RHB Orlando Ramirez 0-0: Ball
1-0: Bunt missed!
1-1: Bunt missed!
1-2: Ball
2-2: Foul Ball, location: 2F
2-2: SINGLE (Groundball, 6, EV 96.9 MPH)
Bryan Hoppie to third
Duane Johnson to second
Runner from 3rd tries for Home, SAFE, throw by CF to home
Pitching: RHP Michael Untisz
Batting: RHB Nehames Bernstine 0-0: Sac Bunt to 23 - play at first, batter OUT! 3-4
Duane Johnson to third
Orlando Ramirez to second
Batting: RHB Reggie D Williams 0-0: Ball
1-0: Foul Ball, location: 2F
1-1: Ball
2-1: Swinging Strike
2-2: Ground out 5-3 (Groundball, 25, EV 65.0 MPH)
Batting: RHB Winston Ficklin 0-0: Fly out, F8 (Line Drive, 8RM, EV 100.0 MPH)
Bottom of the 6th over - 2 runs, 2 hits, 1 error, 2 left on base; Quincy 2 - Cedar Rapids 6
TOP OF THE 7TH
Quincy Cubs batting - Pitching for Cedar Rapids Cardinals : RHP Brian Holton
Batting: RHB Billy Best 0-0: Fly out, F8 (Flyball, 8RXD, EV 85.6 MPH)
Batting: RHB Jerry Fry 0-0: Called Strike
0-1: Foul Ball, location: 2F
0-2: Ground out 5-3 (Groundball, 56, EV 88.8 MPH)
Batting: LHB Dennis Mork 0-0: TRIPLE (Line Drive, 89XD, EV 107.5 MPH)
Batting: RHB Garry Keeton 0-0: Ball
1-0: Ball
2-0: Ball
3-0: Called Strike
3-1: Reached on error, E6 (Groundball, 6, EV 101.9 MPH)
Dennis Mork scores
Batting: SHB Selwyn Young 0-0: Called Strike
0-1: Ball
1-1: Ball
2-1: Fly out, F9 (Flyball, 9, EV 89.4 MPH)
Top of the 7th over - 1 run, 1 hit, 1 error, 1 left on base; Quincy 3 - Cedar Rapids 6
BOTTOM OF THE 7TH
Cedar Rapids Cardinals batting - Pitching for Quincy Cubs : RHP Michael Untisz
Batting: LHB Kyle Sanford 0-0: Swinging Strike
0-1: SOLO HOME RUN (Flyball, 9D, EV 99.4 MPH), Distance : 355 ft
Batting: RHB Carson Carroll 0-0: Called Strike
0-1: Fly out, F4 (Popup, 3D, EV 48.8 MPH)
Batting: RHB Dean Kornacker 0-0: Fly out, F5 (Flyball, 56D, EV 92.5 MPH)
Batting: SHB Bryan Hoppie 0-0: Called Strike
0-1: Fly out, F3 (Line Drive, 3, EV 66.3 MPH)
Bottom of the 7th over - 1 run, 1 hit, 0 errors, 0 left on base; Quincy 3 - Cedar Rapids 7
TOP OF THE 8TH
Quincy Cubs batting - Pitching for Cedar Rapids Cardinals : RHP Brian Holton
Batting: RHB Jack Ayer 0-0: Foul Ball, location: 2F
0-1: Ball
1-1: Fly out, F8 (Flyball, 8RM, EV 91.9 MPH)
Batting: SHB Willie Perez 0-0: Called Strike
0-1: Foul Ball, location: 2F
0-2: Ball
1-2: SINGLE (Line Drive, 78S, EV 93.1 MPH)
Batting: RHB Wes Clements 0-0: Ball
1-0: Foul Ball, location: 2F
1-1: Ball
2-1: Reached on error, E5 (Flyball, 5D, EV 83.1 MPH)
Willie Perez to second
Batting: RHB Nerio Guerrero 0-0: SINGLE (Line Drive, 7S, EV 88.1 MPH)
Willie Perez to third
Wes Clements to second
Batting: RHB Billy Best 0-0: Ball
1-0: DOUBLE (Line Drive, 7LS, EV 106.3 MPH)
Willie Perez scores
Wes Clements scores
Nerio Guerrero to third
Runner from 3rd tries for Home, SAFE, throw by LF to home
Pitching: RHP Jeffrey Musser
Batting: RHB Jerry Fry 0-0: Ball
1-0: Ball
2-0: Foul Ball, location: 2F
2-1: Swinging Strike
2-2: Strikes out looking
Batting: LHB Dennis Mork 0-0: Ball
1-0: Foul Ball, location: 2F
1-1: Foul Ball, location: 2F
1-2: Foul Ball, location: 2F
1-2: Foul Ball, location: 2F
1-2: Foul Ball, location: 2F
1-2: Fly out, F5 (Flyball, 5D, EV 90.6 MPH)
Top of the 8th over - 3 runs, 3 hits, 1 error, 1 left on base; Quincy 6 - Cedar Rapids 7
BOTTOM OF THE 8TH
Cedar Rapids Cardinals batting - Pitching for Quincy Cubs : RHP Michael Untisz
Batting: SHB Duane Johnson 0-0: Swinging Strike
0-1: Called Strike
0-2: Ball
1-2: Ground out 5-3 (Groundball, 56, EV 101.9 MPH)
Batting: RHB Orlando Ramirez 0-0: Foul Ball, location: 2F
0-1: Foul Ball, location: 2F
0-2: Fly out, F9 (Flyball, 9S, EV 82.5 MPH)
Batting: RHB Nehames Bernstine 0-0: Called Strike
0-1: Swinging Strike
0-2: Ball
1-2: Ball
2-2: Ball
3-2: SINGLE (Groundball, 4D, EV 104.4 MPH)
Batting: RHB Reggie D Williams 0-0: Called Strike
0-1: Called Strike
0-2: Strikes out looking
Bottom of the 8th over - 0 runs, 1 hit, 0 errors, 1 left on base; Quincy 6 - Cedar Rapids 7
TOP OF THE 9TH
Quincy Cubs batting - Pitching for Cedar Rapids Cardinals : RHP Jeffrey Musser
Now at 2B: Miguel Sosa
Batting: RHB Garry Keeton 0-0: Ball
1-0: Foul Ball, location: 2F
1-1: Ground out 5-3 (Groundball, 56, EV 92.5 MPH)
Batting: SHB Selwyn Young 0-0: Called Strike
0-1: Foul Ball, location: 2F
0-2: SINGLE (Line Drive, 89S, EV 108.1 MPH)
Batting: RHB Jack Ayer 0-0: Called Strike
Selwyn Young steals 2nd base (no throw)
0-1: Ball
1-1: Ball
Selwyn Young steals 3rd base
2-1: Ball
3-1: Called Strike
3-2: SINGLE (Groundball, 56D, EV 100.0 MPH)
Selwyn Young scores
Batting: SHB Willie Perez 0-0: Called Strike
0-1: Ball
1-1: Ball
2-1: Ball
3-1: Called Strike
3-2: Reached on error, E7 (Flyball, 7D, EV 107.5 MPH)
Jack Ayer to third
Batting: RHB Wes Clements 0-0: Ball
1-0: Ball
2-0: Ball
3-0: Called Strike
3-1: Fly out, F9 (Flyball, 9LM, EV 91.9 MPH)
Runner from 3rd tags up, SCORES, no throw by RF
Pitching: RHP Donald Oliver
Batting: RHB Nerio Guerrero 0-0: Ball
1-0: Called Strike
1-1: Ball
2-1: Foul Ball, location: 2F
2-2: Foul Ball, location: 2F
2-2: Ball
3-2: Fly out, F9 (Flyball, 89S, EV 82.5 MPH)
Top of the 9th over - 2 runs, 2 hits, 1 error, 1 left on base; Quincy 8 - Cedar Rapids 7
BOTTOM OF THE 9TH
Cedar Rapids Cardinals batting - Pitching for Quincy Cubs : RHP Michael Untisz
Pitching: RHP Philip Teston
Now at 1B: Roger Hansen
Now at SS: Alex Juarez
Pinch Hitting: LHB Robert O'Leath 0-0: Foul Ball, location: 2F
0-1: Ball
1-1: Ball
2-1: Ball
3-1: Swinging Strike
3-2: Foul Ball, location: 2F
3-2: Ground out 6-3 (Groundball, 6M, EV 85.0 MPH)
Batting: LHB Kyle Sanford 0-0: Ball
1-0: Ball
2-0: Called Strike
2-1: Ball
3-1: Base on Balls
Batting: RHB Carson Carroll 0-0: Ball
1-0: Ball
2-0: Ball
3-0: Base on Balls
Kyle Sanford to second
Batting: RHB Dean Kornacker 0-0: Ball
1-0: Called Strike
1-1: Fly out, F7 (Flyball, 78D, EV 96.3 MPH)
Batting: SHB Bryan Hoppie 0-0: Ball
1-0: Swinging Strike
1-1: Ball
2-1: Ball
3-1: Base on Balls
Kyle Sanford to third
Carson Carroll to second
Batting: SHB Duane Johnson 0-0: Called Strike
0-1: SINGLE (Groundball, 4D, EV 93.8 MPH)
Kyle Sanford scores
Carson Carroll to third
Bryan Hoppie to second
Runner from 3rd tries for Home, SAFE, throw by CF to home
Bottom of the 9th over - 2 runs, 1 hit, 0 errors, 0 left on base; Quincy 8 - Cedar Rapids 9
Friday, July 31st, 2020 - OOTP Baseball 21.5 Build 76